Cogmind - Beta 10.1 @@@ ROGUE MODE // 2020.10.03 @ 10:01:10 Player: 3.14 Result: Destroyed 0B10! Performance ------------- Evolutions (9) 4500 Regions Visited (29) 5800 Robots Destroyed (350) 1750 Value Destroyed (21890) 21890 Prototype IDs (78) 1560 Alien Tech Used (7) 1400 Bonus (23661) 23661 TOTAL SCORE: 60561 Bonus ------- High Alert Combat Kills 1065 Follower Combat Kills 1636 Met Data Miner 300 Met Warlord at Base 500 MAIN.C Attacked Warlord 500 Warlord Defense Kill 194 A7 Reached Mainframe 300 Met R17 at Cetus 500 Met Sigix 2000 Escaped with Sigix 5000 Destroyed MAIN.C Guards 500 Met MAIN.C 5000 Destroyed MAIN.C Shell 5000 Win 3000 Friendly Fire -1834 Cogmind --------- Core Integrity 435/1600 Matter 300/300 Energy 818/840 System Corruption 0% Temperature Cool (16) Movement Treading (151) Location Tau Ceti IV Orbit Parts ------- > --- POWER (3) -------- Zero-point Reactor Vortex Chain Reactor > --- PROPULSION (6) --- Experimental Biometal Heavy Treads Advanced Heavy Siege Treads High-density Centrium Heavy Treads > --- UTILITY (14) ----- Experimental Heat Sink Experimental Cooling System High-capacity Storage Unit High-capacity Storage Unit High-capacity Storage Unit Advanced Targeting Computer Advanced Targeting Computer Advanced Target Analyzer Experimental Core Analyzer Experimental Armor Integrity Analyzer Advanced Particle Accelerator Heavy Regenerative Plating > --- WEAPON (2) ------- Enhanced Nova Cannon Cooled Nova Cannon > --- INVENTORY (28) --- Zero-point Reactor Experimental Biometal Leg Experimental Cooling System Improved Energy Well (600) Experimental Energy Well (1000) Experimental Energy Well (503) Experimental Matter Compressor (306) Centrium Light Armor Plating Centrium Medium Armor Plating Centrium Medium Armor Plating Centrium Heavy Armor Plating Heavy Regenerative Plating Beam Splitter Gamma Rifle Gamma Rifle Heavy Quantum Rifle Heavy Quantum Rifle HERF Cannon Heavy Neutron Cannon Enhanced Nova Cannon Enhanced Nova Cannon Enhanced Nova Cannon Gamma Bomb Array Advanced Micro-nuke Launcher Sigix Containment Pod Peak State ------------ > --- POWER ------------ Zero-point Reactor Vortex Chain Reactor > --- PROPULSION ------- Experimental Biometal Heavy Treads Advanced Heavy Siege Treads High-density Centrium Heavy Treads > --- UTILITY ---------- Experimental Cooling System High-capacity Storage Unit High-capacity Storage Unit High-capacity Storage Unit Advanced Targeting Computer Advanced Targeting Computer Advanced Target Analyzer Experimental Core Analyzer Experimental Armor Integrity Analyzer Advanced Particle Accelerator Heavy Regenerative Plating Beam Splitter AEGIS Remote Shield > --- WEAPON ----------- Heavy Quantum Rifle Cooled Nova Cannon > --- INVENTORY -------- Zero-point Reactor Advanced Heavy Siege Treads Experimental Cooling System Improved Energy Well Experimental Energy Well Experimental Energy Well Experimental Matter Compressor Centrium Heavy Armor Plating Heavy Regenerative Plating Advanced Focal Shield Transdimensional Reconstructor Gamma Rifle Gamma Rifle Heavy Quantum Rifle HERF Cannon Matter Neutralizer Heavy Neutron Cannon Improved Matter Neutralizer Enhanced Nova Cannon Enhanced Nova Cannon Enhanced Nova Cannon Gamma Bomb Array Advanced Micro-nuke Launcher Sigix Containment Pod [Rating: 229] Favorites ----------- Power Improved Quantum Reactor Engine Improved Deuterium Engine Power Core Nuclear Core Reactor Improved Quantum Reactor Propulsion Light Treads Treads Light Treads Utility High-capacity Storage Unit Device Advanced Sensor Array Storage High-capacity Storage Unit Processor Advanced Signal Interpreter Hackware Advanced Hacking Suite Protection Centrium Medium Armor Plating Artifact Stasis Generator Weapon Axe Energy Gun Tesla Rifle Energy Cannon HERF Cannon Ballistic Gun Heavy Assault Rifle Ballistic Cannon Perforator Launcher Advanced EMP Blaster Special Weapon Improved Remote Datajack Slashing Weapon Axe Build | -11 -10 -9 -9 -8 -7 -7 -7 -7 -6 -6 -6 -6 -5 -5 -5 -5 -4 -4 -4 -4 -4 -4 -3 -3 -2 -2 -2 -1 -1 ------- Run | Scr Mat Mat Min Mat Fac Low Low Dat Pro Fac Low Low Fac Upp Upp War Pro Fac Ext Cet Arc Hub Res Qua Res Tes Sec Acc Com Slots Evolved 18 | . . 2 . 2 2 . . . . 2 . . 2 . . . . 2 . . . . 2 . 2 . . 2 . Power 2 | . . . . . 1 . . . . . . . . . . . . . . . . . . . . . . 1 . Propulsion 4 | . . . . 1 1 . . . . . . . . . . . . 2 . . . . . . . . . . . Utility 12 | . . 2 . 1 . . . . . 2 . . 2 . . . . . . . . . 2 . 2 . . 1 . Weapon . | . . . . . . . . . . . . . . . . . . . . . . . . . . . . . . Parts Attached 487 | 7 3 3 1 43 9 4 4 2 13 28 17 4 46 6 6 26 3 19 16 14 1 8 3 36 23 21 45 28 48 Power 38 | 1 . . 1 4 1 . . . 4 1 1 . 3 . . 6 . . . 2 . . . . 2 3 5 2 2 Engine 13 | 1 . . 1 4 1 . . . 2 . 1 . 2 . . 1 . . . . . . . . . . . . . Core 4 | . . . . . . . . . 2 1 . . . . . 1 . . . . . . . . . . . . . Reactor 21 | . . . . . . . . . . . . . 1 . . 4 . . . 2 . . . . 2 3 5 2 2 Propulsion 52 | 2 1 . . 12 2 . 1 . . 2 5 . 3 . . . . 5 1 3 . . . . 2 2 5 1 5 Treads 52 | 2 1 . . 12 2 . 1 . . 2 5 . 3 . . . . 5 1 3 . . . . 2 2 5 1 5 Leg . | . . . . . . . . . . . . . . . . . . . . . . . . . . . . . . Wheel . | . . . . . . . . . . . . . . . . . . . . . . . . . . . . . . Hover . | . . . . . . . . . . . . . . . . . . . . . . . . . . . . . . Flight . | . . . . . . . . . . . . . . . . . . . . . . . . . . . . . . Utility 190 | 1 2 3 . 9 3 1 3 1 5 17 5 2 16 6 4 11 3 6 7 2 1 6 2 15 11 5 14 6 23 Device 119 | . . . . 3 1 1 1 . 3 7 5 2 14 3 3 8 3 6 5 1 1 6 1 9 4 3 8 5 16 Storage 13 | 1 1 1 . 2 . . . . . 5 . . . . . 1 . . . . . . . . . . . . 2 Processor 8 | . . . . . . . 1 . . . . . . . . . . . . . . . . 1 1 . 1 . 4 Hackware 4 | . . . . . . . . . . . . . . . . . . . . . . . . 1 1 1 1 . . Protection 45 | . 1 2 . 4 2 . 1 1 2 5 . . 2 3 1 2 . . 2 1 . . 1 3 5 1 4 1 1 Artifact 1 | . . . . . . . . . . . . . . . . . . . . . . . . 1 . . . . . Weapon 207 | 3 . . . 18 3 3 . 1 4 8 6 2 24 . 2 9 . 8 8 7 . 2 1 21 8 11 21 19 18 Energy Gun 43 | 2 . . . 7 1 . . . . . . . 10 . 1 5 . 2 3 . . . . . . . 1 6 5 Energy Cannon 109 | . . . . 2 1 2 . . 3 5 5 1 8 . . . . 4 4 4 . 2 1 16 7 7 16 10 11 Ballistic Gun 7 | 1 . . . 6 . . . . . . . . . . . . . . . . . . . . . . . . . Ballistic Cannon 5 | . . . . . . . . . . . . . . . . . . . . . . . . . . 3 2 . . Launcher 27 | . . . . 2 . 1 . 1 1 1 . 1 2 . 1 1 . 2 1 2 . . . 3 1 1 2 3 1 Special Weapon 2 | . . . . . . . . . . . . . . . . 1 . . . . . . . . . . . . 1 Impact Weapon . | . . . . . . . . . . . . . . . . . . . . . . . . . . . . . . Slashing Weapon 14 | . . . . 1 1 . . . . 2 1 . 4 . . 2 . . . 1 . . . 2 . . . . . Piercing Weapon . | . . . . . . . . . . . . . . . . . . . . . . . . . . . . . . Special Melee Weapon . | . . . . . . . . . . . . . . . . . . . . . . . . . . . . . . Unidentified Prototypes 47 | . . . . 3 1 . . . . 2 . . . . . 6 . . . 2 . . . 6 3 2 6 . 16 Parts Lost 29 | . . . 1 2 1 . . . 1 . 1 . . . . . . . . . . . . 3 2 3 10 2 3 Power 8 | . . . 1 . 1 . . . 1 . . . . . . . . . . . . . . . . 1 3 1 . Propulsion 2 | . . . . . . . . . . . . . . . . . . . . . . . . . . . 2 . . Utility 13 | . . . . 1 . . . . . . 1 . . . . . . . . . . . . 2 2 1 4 . 2 Weapon 6 | . . . . 1 . . . . . . . . . . . . . . . . . . . 1 . 1 1 1 1 Highest Loss Streak 4 | . . . 1 1 1 . . . 1 . 1 . . . . . . . . . . . . 1 2 2 4 1 1 Average Slot Usage (%) 88 | . 97 93 100 99 98 92 92 92 98 99 100 100 88 88 94 90 94 90 85 77 73 73 76 78 81 84 82 82 82 Engine 3 | . 14 11 11 9 13 7 7 7 8 . 4 6 7 5 5 2 . . . . . . . . . . . . . Reactor 4 | . . . . . . . . . . . . . 2 5 5 5 11 10 10 9 5 5 4 4 4 7 7 11 10 Treads 19 | . 27 22 22 27 30 30 30 30 30 26 26 26 17 17 17 17 17 22 19 15 15 15 14 14 13 13 12 12 12 Device 12 | . . . . 9 7 7 6 7 5 12 13 13 13 11 14 16 17 15 14 15 15 15 19 18 20 14 10 11 12 Storage 16 | . 15 22 22 24 23 23 23 23 23 20 20 20 17 17 17 17 17 15 15 15 15 15 14 14 13 13 13 12 12 Processor 6 | . . . . . . . 7 7 7 6 6 6 5 5 5 5 5 5 5 5 5 5 4 5 5 8 12 12 19 Hackware 2 | . . . . . . . . . . . . . . . . . . . . . . . . 3 4 12 14 12 2 Protection 7 | . 10 16 22 11 7 7 . . 1 6 6 6 8 11 13 11 11 10 9 5 5 5 9 7 11 6 4 4 4 Energy Gun 2 | . 14 11 11 9 . . . . . . . . 2 11 11 4 . 5 4 . . . . . . . . 3 1 Energy Cannon 4 | . . . . 2 12 6 7 7 3 8 6 5 4 . . . . 3 5 9 10 10 9 7 7 5 3 3 6 Slashing Weapon 1 | . . . . . 1 7 7 7 7 3 5 6 2 . . 3 5 . . . . . . 1 . . . . . Naked Turns . | . . . . . . . . . . . . . . . . . . . . . . . . . . . . . . Heaviest Build 217 | 11 43 57 59 89 96 84 83 87 95 134 141 139 170 166 159 165 156 167 166 177 179 182 193 193 195 169 169 206 217 Greatest Support 255 | 40 40 40 40 60 80 80 88 88 88 90 110 110 130 127 127 127 127 210 220 240 240 240 240 240 240 215 230 230 255 Greatest Overweight (x) 1 | . 1 1 1 1 1 1 1 . 1 1 1 1 1 1 1 1 1 . . . . . . . . . 1 . . Average Overweight (x) . | . . 1 1 . 1 1 . . . . 1 1 1 1 1 1 1 . . . . . . . . . . . . Largest Inventory Capacity 28 | 6 14 16 16 24 24 24 24 24 24 28 28 28 28 28 28 28 28 28 28 28 28 28 28 28 28 28 28 28 28 Average Capacity 26 | 4 11 16 16 21 24 24 24 24 24 26 28 28 28 28 28 28 28 28 28 28 28 28 28 28 28 28 28 28 28 Most Carried 28 | 3 8 14 16 24 24 24 24 24 24 28 28 28 28 28 28 28 28 28 28 28 28 28 27 28 28 28 28 28 28 Average Carried 25 | 2 5 8 15 21 23 24 24 24 23 26 27 28 27 27 27 27 28 27 28 27 28 27 26 27 27 27 26 24 27 Final Capacity 28 | 6 12 16 16 24 24 24 24 24 24 28 28 28 28 28 28 28 28 28 28 28 28 28 28 28 28 28 28 28 28 Final Carried 28 | 3 7 14 16 24 24 24 24 24 24 28 28 28 28 27 28 28 28 28 28 28 28 28 27 28 28 25 27 25 28 Class Distribution -------------------- 52% | Hauler-Mutant 18% | Scavenger-Mutant 15% | Hacker-Mutant 5% | Mutant 5% | Generator-Mutant Dominant Class ---------------- Mutant | -10/Materials Mutant | -9/Materials Mutant | -9/Mines Hauler-Mutant | -8/Materials Hauler-Mutant | -7/Factory Hauler-Mutant | -7/Lower Caves Hauler-Mutant | -7/Lower Caves Hauler-Mutant | -7/Data Miner Hauler-Mutant | -6/Proximity Caves Hauler-Mutant | -6/Factory Hauler-Mutant | -6/Lower Caves Hauler-Mutant | -6/Lower Caves Hauler-Mutant | -5/Factory Hauler-Mutant | -5/Upper Caves Hauler-Mutant | -5/Upper Caves Hauler-Mutant | -5/Warlord Hauler-Mutant | -4/Proximity Caves Scavenger-Mutant | -4/Factory Hauler-Mutant | -4/Extension Scavenger-Mutant | -4/Cetus Hauler-Mutant | -4/Archives Hauler-Mutant | -4/Hub_04(d) Hauler-Mutant | -3/Research Scavenger-Mutant | -3/Quarantine Scavenger-Mutant | -2/Research Hacker-Mutant | -2/Testing Hacker-Mutant | -2/Section 7 Hacker-Mutant | -1/Access Generator-Mutant | -1/Command Resources | -11 -10 -9 -9 -8 -7 -7 -7 -7 -6 -6 -6 -6 -5 -5 -5 -5 -4 -4 -4 -4 -4 -4 -3 -3 -2 -2 -2 -1 -1 ----------- Run | Scr Mat Mat Min Mat Fac Low Low Dat Pro Fac Low Low Fac Upp Upp War Pro Fac Ext Cet Arc Hub Res Qua Res Tes Sec Acc Com Matter Collected 7897 | 285 61 50 22 558 50 138 55 . 230 242 198 65 379 136 187 294 135 170 235 170 10 75 30 404 311 580 1024 395 1408 Remotely . | . . . . . . . . . . . . . . . . . . . . . . . . . . . . . . Salvage Created 20767 | 96 263 99 108 1699 75 554 35 . 642 285 100 133 1892 38 220 139 814 635 501 592 . 193 96 1058 2003 1345 2368 2418 2366 Parts 859 | 4 12 6 8 95 5 7 . . 27 14 7 4 84 4 10 8 36 52 17 12 . 3 3 34 42 69 100 92 104 Haulers Intercepted 7 | . . . . 2 . . . . . . . . 1 . . . . . 1 . . . . . 1 . 1 1 . Recyclers Shooed 6 | . . . . 2 . . . . . . . . 3 . . . . 1 . . . . . . . . . . . Parts Field Recycled . | . . . . . . . . . . . . . . . . . . . . . . . . . . . . . . Retrieved Matter . | . . . . . . . . . . . . . . . . . . . . . . . . . . . . . . Parts Self-Destructed 72 | . . . . . . . . . 11 . . . . . . 57 4 . . . . . . . . . . . . Prevented 85 | . . . . . . 3 . . 17 . 7 4 . . 3 25 26 . . . . . . . . . . . . Kills | -11 -10 -9 -9 -8 -7 -7 -7 -7 -6 -6 -6 -6 -5 -5 -5 -5 -4 -4 -4 -4 -4 -4 -3 -3 -2 -2 -2 -1 -1 ------- Run | Scr Mat Mat Min Mat Fac Low Low Dat Pro Fac Low Low Fac Upp Upp War Pro Fac Ext Cet Arc Hub Res Qua Res Tes Sec Acc Com Combat Hostiles Destroyed 275 | . 4 2 3 25 1 3 . . 8 5 1 2 20 . 5 2 13 10 4 7 . 2 1 23 24 18 38 33 21 Melee 10 | . . . 1 2 . . . . . 3 . . 4 . . . . . . . . . . . . . . . . Guns 37 | . 4 2 2 19 . . . . . . . . 1 . . 1 . . 2 . . . . . . . . 6 . Cannons 104 | . . . . 1 1 1 . . . . . . 5 . . . . 3 . 1 . 1 . 12 7 14 32 9 17 AOE 60 | . . . . 1 . 2 . . 6 1 . . 7 . 4 . 8 5 . . . . . 8 4 . 1 13 . Classes Destroyed 25 | 2 1 1 2 6 . 1 1 . 1 2 1 . 1 . . 1 . . . . . . . . 2 . 1 . 2 Worker 18 | . . . . 2 . . . . . 2 . . 5 . . . . 2 . . . 1 . . . . 1 3 2 Builder 16 | . . . . 6 . . . . . 1 . . 2 . . . . 2 . . . . . . . 2 1 2 . Tunneler 1 | 1 . . . . . . . . . . . . . . . . . . . . . . . . . . . . . Hauler 7 | . . . . 2 . . . . . . . . 1 . . . . . 1 . . . . . 1 . 1 1 . Recycler 15 | 1 1 . . 2 . . . . . . . . 5 . . . . . . . . . . . 1 . . 4 1 Mechanic 1 | . . . . . . . . . . . . . 1 . . . . . . . . . . . . . . . . Drone 1 | . . . . . . . . . . . . . . . . . . . . . . . . . . . . . 1 Watcher 8 | . . . . . . . . . . 1 . . 2 . . . . 1 . 1 . . . . . 1 1 1 . Swarmer 42 | . . . . 2 . . . . 4 2 . . 4 . . . 5 5 . . . . . 5 . 3 7 5 . Grunt 86 | . 4 1 1 12 . 3 . . . . . 1 5 . . 1 8 1 1 . . . . 9 12 5 11 11 . Brawler 5 | . . . 1 1 . . . . . . . 1 . . . . . . . . . . . . 1 . 1 . . Duelist 1 | . . . . 1 . . . . . . . . . . . . . . . . . . . . . . . . . Protector 1 | . . . . . . . . . . . . . . . . 1 . . . . . . . . . . . . . Sentry 21 | . . 1 . 7 1 . . . . 1 . . 1 . . . . 1 2 . . 1 1 . . . 4 1 . Demolisher 2 | . . . 1 . . . . . . . . . . . . . . . . . . . . . 1 . . . . Specialist 3 | . . . . . . . . . 3 . . . . . . . . . . . . . . . . . . . . Hunter 30 | . . . . 2 . . . . 1 1 . . 3 . 1 . . 1 . . . 1 . . 4 5 4 5 2 Programmer 49 | . . . . . . . . . . 1 . . 7 . . . . 2 . . . . . 9 1 5 9 11 4 Behemoth 3 | . . . . . . . . . . . 1 . . . . . . . 1 . . . . . 1 . . . . Cetus Guard 7 | . . . . . . . . . . . . . . . . . . . . 7 . . . . . . . . . S7 Guard 1 | . . . . . . . . . . . . . . . . . . . . . . . . . . . 1 . . M Guard 2 | . . . . . . . . . . . . . . . . . . . . . . . . . . . . . 2 Enhanced Q-Series 9 | . . . . . . . . . . . . . . . . . . . . . . . . . . . . . 9 Combat Programmer 2 | . . . . . . . . . . . . . . . . . . . . . . . . . . . . . 2 Striker 2 | . . . . . . . . . . . . . . . . . . . . . . . . . 2 . . . . Executioner 2 | . . . . . . . . . . . . . . . . . . . . . . . . . 2 . . . . Alpha 7 1 | . . . . . . . . . . . . . . . . . . . . . . . . . . . 1 . . Decomposer 3 | . . . . . . 3 . . . . . . . . . . . . . . . . . . . . . . . Packrat 1 | . . . . . . 1 . . . . . . . . . . . . . . . . . . . . . . . Samaritan 2 | . . . . . . . 1 . . . . . . 1 . . . . . . . . . . . . . . . Wasp 3 | . . . . . . . . . . . . . . . 3 . . . . . . . . . . . . . . Thug 2 | . . . . . . 1 . . . . . . . . 1 . . . . . . . . . . . . . . Butcher 1 | . . . . . . 1 . . . . . . . . . . . . . . . . . . . . . . . Mutant 1 | . . . . . . 1 . . . . . . . . . . . . . . . . . . . . . . . Best Kill Streak 20 | 1 5 1 2 5 1 3 . . 4 3 1 2 12 . 4 2 5 7 1 5 . 1 1 10 15 7 9 20 4 Combat Bots Only 16 | . 4 1 2 3 1 3 . . 4 2 1 2 4 . 4 2 5 5 2 4 . 1 1 10 15 6 7 16 4 Max Kills in Single Turn 5 | 1 1 1 1 2 1 2 1 . 4 2 1 1 5 1 2 1 2 3 1 2 . 1 1 4 3 2 3 4 1 Gunslinging . | . . . . . . . . . . . . . . . . . . . . . . . . . . . . . . Exploded 4 | . . . . 1 . 2 . . 4 1 . . 4 . 2 . 2 2 . . . . . 4 3 . 1 3 . Melee 1 | . . . 1 1 . . . . . 1 . . 1 . . . . . . . . . . . . . . . . Uniques/NPCs Destroyed 1 | . . . . . . . . . . . . . . . . . . . . . . . . . . . . . 1 MAIN.C Shell (-1/Command) Combat | -11 -10 -9 -9 -8 -7 -7 -7 -7 -6 -6 -6 -6 -5 -5 -5 -5 -4 -4 -4 -4 -4 -4 -3 -3 -2 -2 -2 -1 -1 -------- Run | Scr Mat Mat Min Mat Fac Low Low Dat Pro Fac Low Low Fac Upp Upp War Pro Fac Ext Cet Arc Hub Res Qua Res Tes Sec Acc Com Damage Taken 27557 | . 136 84 178 1545 304 76 . . 347 193 248 67 1130 . 68 38 146 215 194 228 . 94 15 1597 1865 1947 6208 2697 7937 Core 1495 | . . . . 155 52 21 . . 74 7 . . 72 . . . 15 . . . . . . 66 92 143 392 113 293 Absorbed by Shields 7018 | . . . . . . . . . . 77 38 27 729 . 69 37 55 79 104 220 . 76 16 749 497 164 16 739 3326 Reduced by Siege Mode 854 | . . . . . . . . . . . . . . . . . . . . . . . . . 20 . 196 79 559 Core Remaining (%) 80 | 100 100 . 100 71 . . . . 79 . . 99 . . . . 91 . . . . 100 . 82 . . 38 . 27 Volleys Fired 831 | 5 13 6 4 79 5 13 1 . 8 10 8 7 48 2 5 22 15 24 25 16 . 8 2 73 47 41 119 81 144 Largest 2 | 2 2 2 2 2 2 1 1 . 1 2 2 1 2 2 2 2 1 2 2 2 . 2 2 2 2 2 2 2 2 Hottest 223 | 60 60 60 60 112 112 68 68 . 68 126 125 69 180 120 120 115 36 188 134 150 . 150 169 210 220 203 223 220 223 Shots Fired 1380 | 10 26 12 8 157 9 13 1 . 9 19 16 7 77 5 8 35 15 37 47 25 . 16 4 119 73 59 177 132 264 Gun 394 | 10 26 12 8 148 . . . . . . . . 34 5 6 27 . 10 18 . . . . . . . 18 53 19 Cannon 881 | . . . . 9 9 11 1 . 2 19 16 2 34 . . . . 18 26 19 . 16 4 112 64 55 152 68 244 Launcher 97 | . . . . . . 2 . . 7 . . 5 9 . 2 . 15 9 3 6 . . . 7 9 4 7 11 1 Special 8 | . . . . . . . . . . . . . . . . 8 . . . . . . . . . . . . . Kinetic 104 | 5 13 6 4 53 . . . . . . . . . . . . . . . . . . . . . 10 13 . . Thermal 584 | . . . . 3 1 7 1 . 1 1 . . 32 . . . . 16 . 1 . . . 80 24 13 105 64 235 Explosive 12 | . . . . . . . . . . . . . . . . . . . . . . . . . . . . 11 1 Electromagnetic 672 | 5 13 6 4 101 8 6 . . 8 18 16 7 45 5 8 27 15 21 47 24 . 16 4 39 49 36 59 57 28 Robot Hit Streak 53 | 5 6 4 9 19 7 5 . . 2 11 13 3 15 1 6 16 8 16 28 19 . 9 13 16 19 8 21 22 53 Robot Miss Streak 11 | 3 1 1 1 4 1 3 . . 4 1 1 1 2 1 1 2 1 1 2 . . 1 . 2 2 11 9 4 6 Penetration Max 1 | . . . . . . . . . . . . . . . . . . . . . . . . . . . 1 . . Secondary Targets 8 | . 1 . 1 5 . . . . . . . . . . . . . . . . . . . . . . . 1 . Max Gunslinging Chain 1 | . 1 . 1 1 . . . . . . . . . . . . . . . . . . . . . . . 1 . Shots Hit Robots 1081 | 6 19 7 6 135 7 29 2 . 10 18 15 4 77 2 6 29 10 27 41 16 . 14 4 62 55 38 129 92 221 Core Hits 695 | 3 10 3 3 76 3 11 . . 21 10 4 3 54 2 4 9 20 21 16 8 . 5 2 46 56 41 90 80 94 Critical Hits 121 | . . . . 3 . . . . . . . . 1 . . . . . . . . . . 4 1 21 62 10 19 Critical Kills 39 | . . . . 3 . . . . . . . . 1 . . . . . . . . . . 1 . 8 20 5 1 Critical Parts Destroyed 55 | . . . . . . . . . . . . . . . . . . . . . . . . 3 1 10 28 3 10 Melee Attacks 145 | . . . . 9 4 27 8 . 10 12 21 3 36 . . . 1 . . . . . . 14 . . . . . Impact . | . . . . . . . . . . . . . . . . . . . . . . . . . . . . . . Slashing 145 | . . . . 9 4 27 8 . 10 12 21 3 36 . . . 1 . . . . . . 14 . . . . . Piercing . | . . . . . . . . . . . . . . . . . . . . . . . . . . . . . . Sneak Attacks 22 | . . . . . . 18 2 . . 1 . 1 . . . . . . . . . . . . . . . . . Combat Hostiles . | . . . . . . . . . . . . . . . . . . . . . . . . . . . . . . Follow-up Attacks . | . . . . . . . . . . . . . . . . . . . . . . . . . . . . . . Damage Inflicted 51318 | 95 285 90 94 2944 129 2410 225 . 1344 848 356 508 4462 64 334 564 1301 1322 1118 1015 . 404 125 3896 4221 1519 5125 6176 10344 Guns 6278 | 61 275 90 76 2013 . . . . . . . . 691 42 117 480 . 177 311 . . . . . . . 253 1304 388 Cannons 24776 | . . . . 114 129 134 . . 27 395 239 51 580 . . . . 487 610 421 . 366 125 2551 1657 1090 4014 1883 9903 Explosions 15342 | 25 . . . 453 . 109 . . 706 202 117 343 2358 . 217 84 1301 622 174 594 . . . 1345 2564 406 769 2903 50 Melee 4319 | . . . . 175 . 2167 225 . 611 217 . 114 810 . . . . . . . . . . . . . . . . Ramming 603 | 9 10 . 18 189 . . . . . 34 . . 23 22 . . . 36 23 . . 38 . . . 23 89 86 3 Kinetic 1038 | 20 98 52 27 573 . . . . . . . . . . . . . . . . . . . . . 81 187 . . Thermal 22214 | 25 . . . 483 . 42 . . 95 202 117 . 1260 . 59 84 34 526 . . . . . 2546 1591 323 3332 1757 9738 Explosive 3776 | . . . . . . . . . . . . . 823 . . . . . . . . . . . . . . 2903 50 Electromagnetic 19368 | 41 177 38 49 1524 129 201 . . 638 395 239 394 1546 42 275 480 1267 760 1095 1015 . 366 125 1350 2630 1092 1517 1430 553 Impact . | . . . . . . . . . . . . . . . . . . . . . . . . . . . . . . Slashing 4319 | . . . . 175 . 2167 225 . 611 217 . 114 810 . . . . . . . . . . . . . . . . Piercing . | . . . . . . . . . . . . . . . . . . . . . . . . . . . . . . Highest Corruption 11 | . . . . . 3 4 4 4 5 . . . 7 7 7 11 . 1 1 1 1 1 . 9 . 3 9 . . Average Corruption 3 | . . . . . 3 3 4 4 4 . . . 5 7 7 9 . 1 1 1 1 1 . 6 . 1 3 . . Corruption Purged 10 | . . . . . . . . . . . . . . . . . . . . . . . . . . 3 7 . . Effects 188 | . . . . . 2 15 13 1 21 . . . 9 18 14 2 . . 5 1 . . . 42 . 6 39 . . Message Errors 53 | . . . . . . 4 4 . 6 . . . 1 7 4 . . . 3 . . . . 11 . 2 11 . . Matter Fused 38 | . . . . . 1 6 3 . 6 . . . . 4 5 1 . . . . . . . 6 . . 6 . . Heat Flow Errors 21 | . . . . . 1 . 1 . 4 . . . 1 1 2 . . . . . . . . 6 . 2 3 . . Energy Discharges 22 | . . . . . . 2 4 . 1 . . . 1 2 2 . . . 1 . . . . 3 . 1 5 . . Parts Rejected 1 | . . . . . . . . . . . . . . . . . . . . . . . . . . . 1 . . Data Loss (minor) 24 | . . . . . . 3 1 1 2 . . . . 1 1 . . . 1 1 . . . 7 . 1 5 . . Data Loss (major) 8 | . . . . . . . . . . . . . 2 1 . 1 . . . . . . . 4 . . . . . Misfires 5 | . . . . . . . . . 1 . . . 1 1 . . . . . . . . . 1 . . 1 . . Targeting Errors 14 | . . . . . . . . . 1 . . . 3 1 . . . . . . . . . 4 . . 5 . . Weapon Failures 2 | . . . . . . . . . . . . . . . . . . . . . . . . . . . 2 . . Overload Shots . | . . . . . . . . . . . . . . . . . . . . . . . . . . . . . . Overflow Damage 2461 | . . . . 20 . 914 167 . 106 97 . 42 343 13 4 . . 42 . 8 . . . 173 5 13 135 379 . Projectiles 501 | . . . . . . 3 . . . 52 . . 23 . . . . 30 . . . . . 111 5 . 102 175 . Explosions 645 | . . . . 11 . . . . . 45 . 7 302 . 4 . . . . 8 . . . 62 . 13 29 164 . Melee 1315 | . . . . 9 . 911 167 . 106 . . 35 18 13 . . . 12 . . . . . . . . 4 40 . Knockbacks 22 | . . . . 1 . . . . . . . . . . . . . . . . . . . . . 9 11 1 . Impact 3 | . . . . 1 . . . . . . . . . . . . . . . . . . . . . 1 . 1 . Kinetic 17 | . . . . . . . . . . . . . . . . . . . . . . . . . . 8 9 . . Secondary 2 | . . . . . . . . . . . . . . . . . . . . . . . . . . . 2 . . Self-Inflicted Damage 473 | . . . . 38 . 21 . . 27 . . . 50 . 18 . . 19 . . . . . 123 . 17 160 . . Shots 16 | . . . . 1 . 1 . . 1 . . . 1 . 1 . . 1 . . . . . 5 . 1 4 . . Rammed 42 | 1 3 . 3 15 . . . . . . . . 2 1 . . . 1 3 . . 3 . . . 1 5 3 1 Targets Rammed 48 | 1 3 . 4 19 . . . . . 1 . . 2 1 . . . 1 3 . . 3 . . . 1 5 3 1 Kicked . | . . . . . . . . . . . . . . . . . . . . . . . . . . . . . . Crushed 6 | . . . 1 4 . . . . . 1 . . . . . . . . . . . . . . . . . . . Highest Temperature 399 | . 195 54 60 105 120 36 132 . 260 216 360 86 357 92 225 151 17 240 162 6 . 261 204 304 136 243 399 15 63 Average Temperature 70 | . 91 29 34 25 63 20 54 . 95 81 216 33 70 41 86 70 10 74 56 4 . 109 110 93 59 78 69 8 17 Received Heat Transfer 2855 | . 78 27 24 585 12 27 . . . 16 21 42 73 . 4 12 30 21 66 . . 8 4 107 235 141 529 164 629 Effects 5 | . . . . . . . . . . . . . 2 . . . . . . . . 3 . . . . . . . Shutdowns 1 | . . . . . . . . . . . . . 1 . . . . . . . . . . . . . . . . Energy Bleed 2 | . . . . . . . . . . . . . 1 . . . . . . . . 1 . . . . . . . Interference 2 | . . . . . . . . . . . . . . . . . . . . . . 2 . . . . . . . Siege Activations 17 | . . . . . . . . . . . . . . . . . . . . . . . . 1 3 . 4 3 6 Total Turns 544 | . . . . . . . . . . . . . . . . . . . . . . . . 9 70 . 132 53 280 Longest Duration 113 | . . . . . . . . . . . . . . . . . . . . . . . . 9 49 . 67 28 113 Robots Corrupted 68 | . . . . 2 . . . . 2 1 1 2 3 . 1 . 5 3 3 7 . 1 1 3 13 4 6 6 4 Combat Hostiles 63 | . . . . 2 . . . . 2 1 1 2 3 . 1 . 5 2 2 6 . 1 1 3 13 4 5 5 4 Parts Fried 152 | 1 . . . 10 2 . . . 7 5 2 . 8 . 3 . 11 2 4 10 . 1 2 20 27 11 10 10 6 Impact Corruptions 7 | . . . . 1 . . . . . . . . . 1 . . . 1 . . . . . . . . 1 3 . Robots Melted . | . . . . . . . . . . . . . . . . . . . . . . . . . . . . . . Combat Hostiles . | . . . . . . . . . . . . . . . . . . . . . . . . . . . . . . Parts Melted 10 | . . . . . . . . . . 1 . . . . . . . 1 . . . . . 2 1 1 3 1 . Heat Transferred 13960 | 50 . . . 674 . 74 . . 50 100 100 . 1136 . 50 87 26 497 . . . . . 1979 1225 199 2347 900 4466 Parts Sabotaged . | . . . . . . . . . . . . . . . . . . . . . . . . . . . . . . Parts Stolen . | . . . . . . . . . . . . . . . . . . . . . . . . . . . . . . Parts Stripped . | . . . . . . . . . . . . . . . . . . . . . . . . . . . . . . Power Chain Reactions 42 | 1 . . . 7 . 1 . . 3 1 2 . 8 . 1 1 2 3 . . . . . 3 7 . 2 . . Missiles Intercepted . | . . . . . . . . . . . . . . . . . . . . . . . . . . . . . . Alert | -11 -10 -9 -9 -8 -7 -7 -7 -7 -6 -6 -6 -6 -5 -5 -5 -5 -4 -4 -4 -4 -4 -4 -3 -3 -2 -2 -2 -1 -1 ------- Run | Scr Mat Mat Min Mat Fac Low Low Dat Pro Fac Low Low Fac Upp Upp War Pro Fac Ext Cet Arc Hub Res Qua Res Tes Sec Acc Com Peak Influence 932 | 10 140 90 99 408 120 . . . . 201 . . 757 . . . . 346 532 553 339 334 235 516 393 282 586 932 383 Initial 297 | . 6 . 34 42 58 . . . . 70 . . 31 . . . . . 163 297 155 118 174 132 66 157 113 25 176 Average 217 | 5 61 54 84 222 73 . . . . 75 . . 174 . . . . 147 247 394 278 233 183 221 151 130 275 586 214 Maximum Alert Level 3 | . . . . 2 . . . . . 1 . . 3 . . . . 1 2 2 1 1 1 2 1 1 2 3 1 Low Security (%) 54 | 100 100 100 100 46 100 . . . . 94 . . 69 . . . . 71 47 . 5 28 84 60 69 69 15 22 46 Level 1 35 | . . . . 48 . . . . . 5 . . 16 . . . . 28 38 69 94 71 15 23 30 30 74 7 53 Level 2 6 | . . . . 4 . . . . . . . . 6 . . . . . 14 30 . . . 15 . . 10 19 . Level 3 3 | . . . . . . . . . . . . . 8 . . . . . . . . . . . . . . 51 . Level 4 . | . . . . . . . . . . . . . . . . . . . . . . . . . . . . . . Level 5 . | . . . . . . . . . . . . . . . . . . . . . . . . . . . . . . High Security . | . . . . . . . . . . . . . . . . . . . . . . . . . . . . . . Max Security . | . . . . . . . . . . . . . . . . . . . . . . . . . . . . . . Squads Dispatched 52 | . 1 1 . 5 1 . . . . 1 . . 9 . . . . 2 1 . . 1 . 5 2 7 6 8 2 Investigation 7 | . 1 . . 2 . . . . . . . . . . . . . . 1 . . . . . . 1 . 1 1 Extermination 19 | . . . . . . . . . . 1 . . 3 . . . . 1 . . . . . 5 . 2 4 2 1 Reinforcement 21 | . . 1 . 2 1 . . . . . . . 4 . . . . 1 . . . 1 . . 2 3 2 4 . Assault 2 | . . . . . . . . . . . . . . . . . . . . . . . . . . 1 . 1 . Garrison 3 | . . . . 1 . . . . . . . . 2 . . . . . . . . . . . . . . . . Intercept . | . . . . . . . . . . . . . . . . . . . . . . . . . . . . . . Construction Impeded 6 | . . . . 1 . . . . . . . . 4 . . . . . . . . . . . . . . 1 . Haulers Reinforced 4 | . . . . . . . . . . . . . . . . . . . . . . . . . 2 . . 2 . Stealth | -11 -10 -9 -9 -8 -7 -7 -7 -7 -6 -6 -6 -6 -5 -5 -5 -5 -4 -4 -4 -4 -4 -4 -3 -3 -2 -2 -2 -1 -1 --------- Run | Scr Mat Mat Min Mat Fac Low Low Dat Pro Fac Low Low Fac Upp Upp War Pro Fac Ext Cet Arc Hub Res Qua Res Tes Sec Acc Com Distress Signals 30 | . . 1 . 5 . . . . . 1 . . 1 . . . . 1 2 2 . . . . 5 . . 1 11 Communications Jammed 80 | . . . . . . . . . . . . . . . . . . . . . . . . . 21 26 20 13 . Distress Signals 80 | . . . . . . . . . . . . . . . . . . . . . . . . . 21 26 20 13 . Times Spotted 461 | . 8 5 4 46 2 3 . . 10 11 1 3 29 . 5 33 14 22 24 10 1 7 1 30 30 24 57 42 39 Peak Tracking Total 16 | . 5 3 2 8 2 3 . . 6 3 1 3 5 . 4 16 4 5 4 5 1 2 1 7 14 3 7 6 7 Tactical Retreats 29 | . . 1 . 14 1 . . . . 1 . 1 1 . . . 1 . . 1 . . . 1 1 1 5 . . Traps | -11 -10 -9 -9 -8 -7 -7 -7 -7 -6 -6 -6 -6 -5 -5 -5 -5 -4 -4 -4 -4 -4 -4 -3 -3 -2 -2 -2 -1 -1 ------- Run | Scr Mat Mat Min Mat Fac Low Low Dat Pro Fac Low Low Fac Upp Upp War Pro Fac Ext Cet Arc Hub Res Qua Res Tes Sec Acc Com Traps Triggered 7 | . . . . 2 . . . . . . . . 1 . . . . . . . . . . 1 . 1 2 . . Indirectly . | . . . . . . . . . . . . . . . . . . . . . . . . . . . . . . Trap Hack Attempts . | . . . . . . . . . . . . . . . . . . . . . . . . . . . . . . Triggered . | . . . . . . . . . . . . . . . . . . . . . . . . . . . . . . Disarmed . | . . . . . . . . . . . . . . . . . . . . . . . . . . . . . . Reprogrammed . | . . . . . . . . . . . . . . . . . . . . . . . . . . . . . . Reused . | . . . . . . . . . . . . . . . . . . . . . . . . . . . . . . Traps Extracted . | . . . . . . . . . . . . . . . . . . . . . . . . . . . . . . Installed . | . . . . . . . . . . . . . . . . . . . . . . . . . . . . . . Triggered 10 | . . . . . . . . . . . . 1 . . 1 6 . . 2 . . . . . . . . . . Machines | -11 -10 -9 -9 -8 -7 -7 -7 -7 -6 -6 -6 -6 -5 -5 -5 -5 -4 -4 -4 -4 -4 -4 -3 -3 -2 -2 -2 -1 -1 ---------- Run | Scr Mat Mat Min Mat Fac Low Low Dat Pro Fac Low Low Fac Upp Upp War Pro Fac Ext Cet Arc Hub Res Qua Res Tes Sec Acc Com Machines Disabled 51 | . . . . 1 . . . . 4 4 . . 12 . . . . 4 2 2 1 . . 9 1 4 5 1 1 Max in Single Turn 4 | . . . . 1 . . . . 3 3 . . 4 . . . . . . 1 . . . 2 1 1 1 1 1 Garrison Access 3 | . . . . . . . . . . 1 . . . . . . . . . . . . . 1 1 . . . . Energy Cycler 1 | . . . . . . . . . . . . . . . . . . . . . . . . . . . . 1 . Machines Sabotaged . | . . . . . . . . . . . . . . . . . . . . . . . . . . . . . . Garrisons Compromised . | . . . . . . . . . . . . . . . . . . . . . . . . . . . . . . Overloaded Fab Kills . | . . . . . . . . . . . . . . . . . . . . . . . . . . . . . . Fab Network Shutdowns . | . . . . . . . . . . . . . . . . . . . . . . . . . . . . . . Hacking | -11 -10 -9 -9 -8 -7 -7 -7 -7 -6 -6 -6 -6 -5 -5 -5 -5 -4 -4 -4 -4 -4 -4 -3 -3 -2 -2 -2 -1 -1 --------- Run | Scr Mat Mat Min Mat Fac Low Low Dat Pro Fac Low Low Fac Upp Upp War Pro Fac Ext Cet Arc Hub Res Qua Res Tes Sec Acc Com Machines Accessed 86 | . 4 1 . 6 2 1 . 4 1 6 . . 4 . . 3 . 5 7 2 . . 3 14 1 6 7 5 4 Terminals 66 | . 2 . . 5 2 1 . . 1 4 . . 4 . . . . 3 7 2 . . 2 12 . 5 7 5 4 Fabricators 2 | . . . . . . . . . . . . . . . . . . 1 . . . . 1 . . . . . . Repair Stations 4 | . 1 1 . 1 . . . . . 1 . . . . . . . . . . . . . . . . . . . Recycling Units 1 | . 1 . . . . . . . . . . . . . . . . . . . . . . . . . . . . Scanalyzers 3 | . . . . . . . . . . . . . . . . . . 1 . . . . . 1 . 1 . . . Garrison Access 3 | . . . . . . . . . . 1 . . . . . . . . . . . . . 1 1 . . . . Total Hacks 265 | . 11 2 . 17 3 3 . 31 5 13 . . 11 . . 10 . 13 17 4 . . 7 48 1 24 24 13 8 Successful 148 | . 7 2 . 10 2 2 . 31 2 7 . . 2 . . 10 . 4 5 1 . . 1 17 1 17 15 9 3 Failed 117 | . 4 . . 7 1 1 . . 3 6 . . 9 . . . . 9 12 3 . . 6 31 . 7 9 4 5 Catastrophic 18 | . . . . 1 . . . . 1 1 . . 2 . . . . . 2 . . . 1 9 . . . . 1 Database Lockouts . | . . . . . . . . . . . . . . . . . . . . . . . . . . . . . . Manual 152 | . 7 . . 12 . 3 . . 5 6 . . 9 . . 1 . 7 15 3 . . 3 35 . 17 13 11 5 Terminals 197 | . 7 . . 15 3 3 . . 5 11 . . 11 . . . . 8 17 4 . . 5 42 . 21 24 13 8 Fabricators 4 | . . . . . . . . . . . . . . . . . . 2 . . . . 2 . . . . . . Repair Stations 8 | . 3 2 . 2 . . . . . 1 . . . . . . . . . . . . . . . . . . . Recycling Units 1 | . 1 . . . . . . . . . . . . . . . . . . . . . . . . . . . . Scanalyzers 9 | . . . . . . . . . . . . . . . . . . 3 . . . . . 3 . 3 . . . Garrison Access 5 | . . . . . . . . . . 1 . . . . . . . . . . . . . 3 1 . . . . Terminal Hacks 104 | . 4 . . 7 2 1 . 31 1 4 . . 1 . . 10 . . 1 . . . 1 8 . 9 13 9 2 Record 17 | . . . . . . . . 11 . . . . . . . 5 . . . . . . . 1 . . . . . Part Schematic 11 | . . . . . . . . 10 . . . . . . . . . . . . . . . . . 1 . . . Robot Schematic 7 | . . . . . . . . 7 . . . . . . . . . . . . . . . . . . . . . Robot Analysis 4 | . 1 . . . . 1 . . 1 . . . . . . . . . . . . . . . . . 1 . . Prototype ID Bank 16 | . 1 . . 3 . . . 3 . 1 . . . . . 5 . . . . . . . 1 . 1 . 1 . Open Door 2 | . . . . . . . . . . . . . . . . . . . . . . . . 1 . . . . 1 Level Access Points 1 | . . . . . . . . . . . . . . . . . . . . . . . . . . . . . 1 Branch Access Points 4 | . . . . . 1 . . . . 1 . . . . . . . . . . . . 1 . . . . 1 . Terminal Index 3 | . . . . . . . . . . . . . . . . . . . . . . . . 1 . 1 . 1 . Alert Level 3 | . . . . . . . . . . . . . . . . . . . . . . . . . . 1 1 1 . Unreport Threat 19 | . 1 . . 2 . . . . . 1 . . 1 . . . . . 1 . . . . 2 . 2 5 4 . Locate Traps 3 | . . . . . 1 . . . . . . . . . . . . . . . . . . . . 1 1 . . Recall Investigation 2 | . 1 . . 1 . . . . . . . . . . . . . . . . . . . . . . . . . Recall Extermination 3 | . . . . . . . . . . . . . . . . . . . . . . . . 1 . . 1 1 . Recall Reinforcements 4 | . . . . . . . . . . . . . . . . . . . . . . . . . . 2 2 . . Hauler Manifests 1 | . . . . 1 . . . . . . . . . . . . . . . . . . . . . . . . . Zone Layout 4 | . . . . . . . . . . 1 . . . . . . . . . . . . . 1 . . 2 . . Fabricator Hacks 2 | . . . . . . . . . . . . . . . . . . 2 . . . . . . . . . . . Load Schematic 1 | . . . . . . . . . . . . . . . . . . 1 . . . . . . . . . . . Build 1 | . . . . . . . . . . . . . . . . . . 1 . . . . . . . . . . . Repair Station Hacks 6 | . 2 2 . 2 . . . . . . . . . . . . . . . . . . . . . . . . . Scan Component 3 | . 1 1 . 1 . . . . . . . . . . . . . . . . . . . . . . . . . Repair 3 | . 1 1 . 1 . . . . . . . . . . . . . . . . . . . . . . . . . Recycling Unit Hacks . | . . . . . . . . . . . . . . . . . . . . . . . . . . . . . . Scanalyzer 3 | . . . . . . . . . . . . . . . . . . . . . . . . . . 3 . . . Insert Component 3 | . . . . . . . . . . . . . . . . . . . . . . . . . . 3 . . . Garrison Access Hacks 3 | . . . . . . . . . . 1 . . . . . . . . . . . . . 1 1 . . . . Seal Access 3 | . . . . . . . . . . 1 . . . . . . . . . . . . . 1 1 . . . . Unauthorized Hacks 30 | . 1 . . 1 . 1 . . 1 2 . . 1 . . . . 2 4 1 . . . 8 . 5 2 . 1 Terminals 29 | . . . . 1 . 1 . . 1 2 . . 1 . . . . 2 4 1 . . . 8 . 5 2 . 1 Track 17 | . . . . 1 . 1 . . 1 1 . . 1 . . . . 1 1 . . . . 5 . 3 1 . 1 Assimilate 2 | . . . . . . . . . . . . . . . . . . . . . . . . 1 . . 1 . . Botnet 10 | . . . . . . . . . . 1 . . . . . . . 1 3 1 . . . 2 . 2 . . . Fabricators . | . . . . . . . . . . . . . . . . . . . . . . . . . . . . . . Repair Stations . | . . . . . . . . . . . . . . . . . . . . . . . . . . . . . . Recycling Units 1 | . 1 . . . . . . . . . . . . . . . . . . . . . . . . . . . . Tunnel 1 | . 1 . . . . . . . . . . . . . . . . . . . . . . . . . . . . Scanalyzers . | . . . . . . . . . . . . . . . . . . . . . . . . . . . . . . Garrison Access . | . . . . . . . . . . . . . . . . . . . . . . . . . . . . . . Data Cores Recovered . | . . . . . . . . . . . . . . . . . . . . . . . . . . . . . . Used . | . . . . . . . . . . . . . . . . . . . . . . . . . . . . . . Hacking Detections 69 | . 3 1 . 5 1 1 . . 1 5 . . 3 . . . . 5 7 2 . . 3 13 . 4 7 5 3 Full Trace Events 4 | . . . . . . . . . . . . . . . . . . . 1 . . . . . . 1 . 1 1 Feedback Events 1 | . . . . . . . . . . . . . . . . . . . . . . . . . . . . . 1 Corruption 1 | . . . . . . . . . . . . . . . . . . . . . . . . . . . . . 1 Feedback Blocked . | . . . . . . . . . . . . . . . . . . . . . . . . . . . . . . Robot Schematics Acquired 7 | . . . . . . . . 7 . . . . . . . . . . . . . . . . . . . . . Robots Built 2 | . . . . . . . . . . . . . . . . . . 2 . . . . . . . . . . . Matter 318 | . . . . . . . . . . . . . . . . . . 318 . . . . . . . . . . . Time 84 | . . . . . . . . . . . . . . . . . . 84 . . . . . . . . . . . Total Robot Build Rating 12 | . . . . . . . . . . . . . . . . . . 12 . . . . . . . . . . . Part Schematics Acquired 11 | . . . . . . . . 10 . . . . . . . . . . . . . . . . . 1 . . . Parts Built . | . . . . . . . . . . . . . . . . . . . . . . . . . . . . . . Matter . | . . . . . . . . . . . . . . . . . . . . . . . . . . . . . . Time . | . . . . . . . . . . . . . . . . . . . . . . . . . . . . . . Total Part Build Rating . | . . . . . . . . . . . . . . . . . . . . . . . . . . . . . . Parts Repaired 3 | . 1 1 . 1 . . . . . . . . . . . . . . . . . . . . . . . . . Time 78 | . 26 26 . 26 . . . . . . . . . . . . . . . . . . . . . . . . . Parts Recycled . | . . . . . . . . . . . . . . . . . . . . . . . . . . . . . . Recycled Matter . | . . . . . . . . . . . . . . . . . . . . . . . . . . . . . . Retrieved Matter . | . . . . . . . . . . . . . . . . . . . . . . . . . . . . . . Retrieved Components . | . . . . . . . . . . . . . . . . . . . . . . . . . . . . . . Parts Scanalyzed . | . . . . . . . . . . . . . . . . . . . . . . . . . . . . . . Part Schematics Acquired . | . . . . . . . . . . . . . . . . . . . . . . . . . . . . . . Parts Damaged . | . . . . . . . . . . . . . . . . . . . . . . . . . . . . . . Bothacking | -11 -10 -9 -9 -8 -7 -7 -7 -7 -6 -6 -6 -6 -5 -5 -5 -5 -4 -4 -4 -4 -4 -4 -3 -3 -2 -2 -2 -1 -1 ------------ Run | Scr Mat Mat Min Mat Fac Low Low Dat Pro Fac Low Low Fac Upp Upp War Pro Fac Ext Cet Arc Hub Res Qua Res Tes Sec Acc Com Used RIF Installer . | . . . . . . . . . . . . . . . . . . . . . . . . . . . . . . Robots Hacked . | . . . . . . . . . . . . . . . . . . . . . . . . . . . . . . Non-combat . | . . . . . . . . . . . . . . . . . . . . . . . . . . . . . . Combat . | . . . . . . . . . . . . . . . . . . . . . . . . . . . . . . Robot Hacks Applied . | . . . . . . . . . . . . . . . . . . . . . . . . . . . . . . Relay Couplers Released . | . . . . . . . . . . . . . . . . . . . . . . . . . . . . . . Robots Rewired 8 | . . . . . . . . . . . . . . . . 5 . . 3 . . . . . . . . . . Allies Hacked 4 | . . . . . . . . . . . . . . . . . . 3 . . . . . 1 . . . . . Hacks Repelled 1 | . . . . . . . . . . . . . . . . . . 1 . . . . . . . . . . . Allies | -11 -10 -9 -9 -8 -7 -7 -7 -7 -6 -6 -6 -6 -5 -5 -5 -5 -4 -4 -4 -4 -4 -4 -3 -3 -2 -2 -2 -1 -1 -------- Run | Scr Mat Mat Min Mat Fac Low Low Dat Pro Fac Low Low Fac Upp Upp War Pro Fac Ext Cet Arc Hub Res Qua Res Tes Sec Acc Com Total Allies 26 | . . . . . . . . . 1 . . . . . . 5 . 5 9 4 . . . 1 . . 1 . . Largest Group 8 | . . . . . . . . . 1 1 . . . . . 5 1 4 8 5 4 2 . 1 . . 1 . . Highest-Rated Group 526 | . . . . . . . . . 94 94 . . . . . 237 60 212 450 526 426 188 . 44 . . 26 . . Highest-Rated Ally 156 | . . . . . . . . . 94 94 . . . . . 60 60 60 156 150 144 94 . 44 . . 26 . . Total Orders 5 | . . . . . . . . . . . . . . . . . . . . 2 3 . . . . . . . . STAY 1 | . . . . . . . . . . . . . . . . . . . . 1 . . . . . . . . . ROAM 1 | . . . . . . . . . . . . . . . . . . . . . 1 . . . . . . . . FOLLOW 1 | . . . . . . . . . . . . . . . . . . . . 1 . . . . . . . . . GUARD 2 | . . . . . . . . . . . . . . . . . . . . . 2 . . . . . . . . Ally Attacks 284 | . . . . . . . . . 7 5 . . . . . 8 . 31 155 24 38 16 . . . . . . . Total Damage 8509 | . . . . . . . . . 265 183 . . . . . 321 . 1102 3577 987 1419 655 . . . . . . . Kills 49 | . . . . . . . . . 2 . . . . . . 3 . 9 24 2 5 4 . . . . . . . Allies Corrupted 1 | . . . . . . . . . . . . . . . . . . . . 1 . . . . . . . . . Allies Melted . | . . . . . . . . . . . . . . . . . . . . . . . . . . . . . . Intel | -11 -10 -9 -9 -8 -7 -7 -7 -7 -6 -6 -6 -6 -5 -5 -5 -5 -4 -4 -4 -4 -4 -4 -3 -3 -2 -2 -2 -1 -1 ------- Run | Scr Mat Mat Min Mat Fac Low Low Dat Pro Fac Low Low Fac Upp Upp War Pro Fac Ext Cet Arc Hub Res Qua Res Tes Sec Acc Com Robot Analysis Total 4 | . 1 . . . . 1 . . 1 . . . . . . . . . . . . . . . . . 1 . . Derelict Logs Recovered 6 | . . . . . . . . . 3 . . . . 2 . . 1 . . . . . . . . . . . . Drone Launches . | . . . . . . . . . . . . . . . . . . . . . . . . . . . . . . Drone Recoveries . | . . . . . . . . . . . . . . . . . . . . . . . . . . . . . . Exploration | -11 -10 -9 -9 -8 -7 -7 -7 -7 -6 -6 -6 -6 -5 -5 -5 -5 -4 -4 -4 -4 -4 -4 -3 -3 -2 -2 -2 -1 -1 ------------- Run | Scr Mat Mat Min Mat Fac Low Low Dat Pro Fac Low Low Fac Upp Upp War Pro Fac Ext Cet Arc Hub Res Qua Res Tes Sec Acc Com Turns Passed 22318 | 99 453 265 77 1548 443 855 612 141 985 778 584 393 1151 562 368 1274 885 630 971 479 115 206 127 1676 1257 1043 1780 963 1598 Spaces Moved 10055 | 50 207 116 31 600 215 416 303 87 533 363 265 183 445 298 189 571 434 296 510 171 49 96 72 728 643 542 662 391 589 Core 9 | 9 . . . . . . . . . . . . . . . . . . . . . . . . . . . . . Treads 10046 | 41 207 116 31 600 215 416 303 87 533 363 265 183 445 298 189 571 434 296 510 171 49 96 72 728 643 542 662 391 589 Legs . | . . . . . . . . . . . . . . . . . . . . . . . . . . . . . . Wheels . | . . . . . . . . . . . . . . . . . . . . . . . . . . . . . . Hover . | . . . . . . . . . . . . . . . . . . . . . . . . . . . . . . Flight . | . . . . . . . . . . . . . . . . . . . . . . . . . . . . . . Fastest Speed 50 | 50 160 180 180 160 180 180 160 160 160 160 176 180 180 183 183 183 183 156 156 160 160 160 160 160 160 158 152 160 151 Average Speed 169 | 140 176 180 180 177 180 180 164 160 172 177 177 180 181 183 183 183 183 158 157 160 160 160 160 160 162 158 165 165 158 Slowest Speed 210 | 160 180 180 180 180 180 180 180 160 180 180 180 180 183 183 183 183 183 162 160 160 160 160 160 160 163 163 210 166 166 Overloaded Moves . | . . . . . . . . . . . . . . . . . . . . . . . . . . . . . . Propulsion Burnouts . | . . . . . . . . . . . . . . . . . . . . . . . . . . . . . . Robots Hopped 1 | . . . . . . . . . . . . . . . . 1 . . . . . . . . . . . . . Cave-ins Triggered 1 | . . . . . 1 . . . . . . . . . . . . . . . . . . . . . . . . Teleports 4 | . . . . . . . . . . . . . . . . . . . . . . . . 2 . . . 1 1 Exploration Rate (%) 36 | 4 33 20 9 50 6 65 46 71 50 9 50 22 15 54 41 74 56 10 60 66 68 13 3 73 17 54 36 12 20 Regions Visited 29 Branch Regions 19 Pre-discovered Areas 2 | . 1 . . . . . . 1 . . . . . . . . . . . . . . . . . . . . . Known Exits Taken 20 | . . . . . 1 . 1 1 1 1 1 1 1 1 1 1 1 1 1 1 1 1 1 . 1 . . 1 . Unknown Exits Taken 9 | 1 1 1 1 1 . 1 . . . . . . . . . . . . . . . . . 1 . 1 1 . . Scrap Searched 22 | . . . . . . 2 2 . 2 . 10 . . 2 1 . 3 . . . . . . . . . . . . Spaces Dug 145 | . . . . . 4 10 6 . 10 9 18 2 10 . . . 6 1 . . . . . 22 . . 31 6 10 Terrain Destroyed 532 | 3 . . . 34 4 10 6 . 23 53 18 2 79 . 3 . 9 8 . . . . . 49 18 5 73 102 33 Melee 63 | . . . . . 4 3 6 . 4 8 18 2 8 . . . 1 . . . . . . 9 . . . . . Projectile 117 | . . . . . . 1 . . . 1 . . 10 . . . . 3 . . . . . 26 4 5 23 25 19 AOE 352 | 3 . . . 34 . 6 . . 19 44 . . 61 . 3 . 8 5 . . . . . 14 14 . 50 77 14 Terrain Rammed . | . . . . . . . . . . . . . . . . . . . . . . . . . . . . . . Walls Destroyed . | . . . . . . . . . . . . . . . . . . . . . . . . . . . . . . Machines Disabled . | . . . . . . . . . . . . . . . . . . . . . . . . . . . . . . Actions | -11 -10 -9 -9 -8 -7 -7 -7 -7 -6 -6 -6 -6 -5 -5 -5 -5 -4 -4 -4 -4 -4 -4 -3 -3 -2 -2 -2 -1 -1 --------- Run | Scr Mat Mat Min Mat Fac Low Low Dat Pro Fac Low Low Fac Upp Upp War Pro Fac Ext Cet Arc Hub Res Qua Res Tes Sec Acc Com Total 13593 | 65 267 160 42 911 262 461 402 88 569 452 329 233 633 311 200 776 507 413 634 353 85 129 79 1088 780 654 1154 562 994 Wait 1496 | . 33 27 . 84 2 . 86 . . 17 . 37 31 . . 114 55 62 36 139 36 9 2 204 49 25 270 43 135 Move 10025 | 50 206 115 31 599 214 415 302 86 532 362 264 182 444 297 188 568 433 295 509 170 48 95 71 727 642 541 661 390 588 Hop 1 | . . . . . . . . . . . . . . . . 1 . . . . . . . . . . . . . Pick Up 236 | 3 6 9 2 35 13 1 . . 2 10 5 . 10 2 1 17 . 4 6 5 . 3 1 17 8 10 23 10 33 Fast Attach 98 | 6 3 1 . 7 1 . . . 4 2 4 . 6 1 . 9 . 3 4 3 . . . 3 8 4 12 . 17 Attach 97 | . . 2 . 9 3 . . . . 2 2 . 3 2 . 8 . 2 . 1 . . 2 8 6 6 24 10 7 Detach 6 | . . . . . . . . . . . . . . . . 1 . . . . . . . . . . 3 1 1 Swap 304 | 1 . . 1 27 5 4 4 2 9 24 11 4 37 3 6 9 3 14 12 10 1 8 1 28 9 11 11 22 27 Drop 282 | . 3 . 1 43 15 1 1 . 4 12 14 . 16 3 . 27 . 8 13 9 . 3 . 14 11 15 26 2 41 Fire 831 | 5 13 6 4 79 5 13 1 . 8 10 8 7 48 2 5 22 15 24 25 16 . 8 2 73 47 41 119 81 144 Melee 145 | . . . . 9 4 27 8 . 10 12 21 3 36 . . . 1 . . . . . . 14 . . . . . Ram . | . . . . . . . . . . . . . . . . . . . . . . . . . . . . . . Kick . | . . . . . . . . . . . . . . . . . . . . . . . . . . . . . . Crush 46 | . 3 . 3 19 . . . . . 1 . . 2 1 . . . 1 3 . . 3 . . . 1 5 3 1 Escape Stasis . | . . . . . . . . . . . . . . . . . . . . . . . . . . . . . . Rewire 26 | . . . . . . . . . . . . . . . . . . . 26 . . . . . . . . . . Trap . | . . . . . . . . . . . . . . . . . . . . . . . . . . . . . . Miscellaneous . | . . . . . . . . . . . . . . . . . . . . . . . . . . . . . . Route ------- -11/Scrapyard -10/Materials -9/Materials -9/Mines -8/Materials -7/Factory (discovered 2 exits: *Low x2) -7/Lower Caves -7/Lower Caves -7/Data Miner -6/Proximity Caves -6/Factory (discovered 2 exits: *Low x2) -6/Lower Caves -6/Lower Caves -5/Factory -5/Upper Caves -5/Upper Caves -5/Warlord -4/Proximity Caves -4/Factory -4/Extension (discovered 2 exits: *Res / *Cet) -4/Cetus (discovered 2 exits: *Res / *Arc) -4/Archives -4/Hub_04(d) -3/Research (discovered 3 exits: Arm / *Qua x2) -3/Quarantine -2/Research -2/Testing -2/Section 7 -1/Access -1/Command (discovered 2 exits: *Sur x2) Tau Ceti IV Orbit History --------- Turn | Location | Event 65 | -11/Scrapyard | Discovered new exit (range 15) 100 | -11/Scrapyard | Entered Materials 305 | -10/Materials | Build established: Mutant 387 | -10/Materials | Discovered new exit (range 16) 466 | -10/Materials | Repaired Lgt. Treads 553 | -10/Materials | Entered another Materials area 553 | -9/Materials | Evolved 2 slots: Utility x2 706 | -9/Materials | Repaired Lgt. Armor Plating 718 | -9/Materials | Discovered new exit (range 16) 818 | -9/Materials | Entered Mines 824 | -9/Mines | Discovered new exit (range 6) 880 | -9/Mines | Assembled infested the area 895 | -9/Mines | Entered Materials 895 | -8/Materials | Evolved 2 slots: Propulsion x1, Utility x1 1065 | -8/Materials | Repaired Lgt. Armor Plating 1586 | -8/Materials | Build established: Hauler-Mutant 1815 | -8/Materials | Garrison activated, responded to threat 2002 | -8/Materials | Build established: Scavenger-Mutant 2377 | -8/Materials | Discovered new exit (range 14) 2439 | -8/Materials | Build established: Hauler-Mutant 2443 | -8/Materials | Entered Factory 2443 | -7/Factory | Evolved 2 slots: Power x1, Propulsion x1 2628 | -7/Factory | Identified exit to Lower Caves 2817 | -7/Factory | Crushed by falling debris 2886 | -7/Factory | Entered Lower Caves 3639 | -7/Lower Caves | Encountered a Warlord checkpoint 3651 | -7/Lower Caves | Discovered new exit (range 5) 3741 | -7/Lower Caves | Entered another Lower Caves area 4308 | -7/Lower Caves | Discovered new exit (range 10) 4321 | -7/Lower Caves | Identified exit to Data Miner 4353 | -7/Lower Caves | Entered Data Miner 4353 | -7/Data Miner | Discovered new exit (range 6) 4384 | -7/Data Miner | Met Data Miner 4422 | -7/Data Miner | Learned location of Section 7 (-2) 4422 | -7/Data Miner | Acquired the access code to Warlord's prototype stash 4449 | -7/Data Miner | Received God Mode back door access code from Data Miner 4489 | -7/Data Miner | Identified exit to Proximity Caves 4494 | -7/Data Miner | Entered Proximity Caves 4696 | -6/Proximity Caves | Acquired the password to a Derelict Tinkerer's latest research 4980 | -6/Proximity Caves | Caught by Unaware searching for contraband prototypes 4982 | -6/Proximity Caves | Escorted by Enhanced Grunt 4985 | -6/Proximity Caves | Caught by Unaware searching for contraband prototypes 5413 | -6/Proximity Caves | Learned Factory terminal intel 5431 | -6/Proximity Caves | Discovered new exit (range 14) 5474 | -6/Proximity Caves | Identified exit to Factory 5479 | -6/Proximity Caves | Entered Factory 5479 | -6/Factory | Accompanied by 1 ally 5479 | -6/Factory | Evolved 2 slots: Utility x2 5480 | -6/Factory | Identified exit to Lower Caves 5481 | -6/Factory | Loaded intel: 20 terminal locations 5698 | -6/Factory | Found Prototype Device 5769 | -6/Factory | Identified Exp. Thermal Shield 6257 | -6/Factory | Entered Lower Caves 6600 | -6/Lower Caves | Spotted B-75 Beast 6629 | -6/Lower Caves | Destroyed B-75 Beast 6828 | -6/Lower Caves | Discovered new exit (range 8) 6839 | -6/Lower Caves | Identified exit to Lower Caves 6841 | -6/Lower Caves | Entered another Lower Caves area 7216 | -6/Lower Caves | Discovered new exit (range 11) 7233 | -6/Lower Caves | Identified exit to Factory 7234 | -6/Lower Caves | Entered Factory 7234 | -5/Factory | Evolved 2 slots: Utility x2 7235 | -5/Factory | Identified exit to Upper Caves 8280 | -5/Factory | Garrison activated, responded to threat 8385 | -5/Factory | Entered Upper Caves 8595 | -5/Upper Caves | Encountered a Warlord checkpoint 8621 | -5/Upper Caves | Learned Factory terminal intel 8863 | -5/Upper Caves | Learned 4 Factory zone layouts 8936 | -5/Upper Caves | Discovered new exit (range 6) 8946 | -5/Upper Caves | Identified exit to Upper Caves 8947 | -5/Upper Caves | Entered another Upper Caves area 9031 | -5/Upper Caves | Ambushed by wild Derelicts 9292 | -5/Upper Caves | Encountered a Warlord checkpoint 9293 | -5/Upper Caves | Discovered new exit (range 11) 9313 | -5/Upper Caves | Identified exit to Warlord 9315 | -5/Upper Caves | Entered Warlord 9347 | -5/Warlord | System corruption reached 10% 9381 | -5/Warlord | System corruption cleaned by Quarantine Array 9616 | -5/Warlord | Learned 4 Command zone layouts 9618 | -5/Warlord | Learned Factory garrison access intel 9618 | -5/Warlord | Learned Armory security intel 9618 | -5/Warlord | Learned Armory recycling unit intel 10054 | -5/Warlord | Met Warlord 10066 | -5/Warlord | Warlord's base attacked by MAIN.C 10070 | -5/Warlord | Opened Warlord's prototype stash 10078 | -5/Warlord | Found Prototype Reactor 10085 | -5/Warlord | Found Prototype Device 10085 | -5/Warlord | Identified Exp. Cloaking Device 10100 | -5/Warlord | Found Prototype Device 10100 | -5/Warlord | Identified Thermal Barrier 10115 | -5/Warlord | Identified Vortex Chain Reactor 10118 | -5/Warlord | Found Prototype Processor 10129 | -5/Warlord | Found Prototype Hackware 10404 | -5/Warlord | Spotted Executioner 10416 | -5/Warlord | Warlord forces counterattacked 10496 | -5/Warlord | Spotted Executioner 10566 | -5/Warlord | Discovered new exit (range 12) 10582 | -5/Warlord | Identified exit to Proximity Caves 10589 | -5/Warlord | Entered Proximity Caves 10589 | -4/Proximity Caves | Accompanied by 1 ally 11095 | -4/Proximity Caves | Learned Research terminal intel 11470 | -4/Proximity Caves | Discovered new exit (range 2) 11472 | -4/Proximity Caves | Identified exit to Factory 11474 | -4/Proximity Caves | Entered Factory 11474 | -4/Factory | Accompanied by 1 ally 11474 | -4/Factory | Evolved 2 slots: Propulsion x2 11476 | -4/Factory | Loaded intel: 22 terminal locations 11477 | -4/Factory | Loaded intel: 4 garrison access locations 11742 | -4/Factory | Fabricated P-70 Sage (x2) 11782 | -4/Factory | Build established: Scavenger-Mutant 11983 | -4/Factory | Sage 7a assimilated hostile G-73 Enforcer 11989 | -4/Factory | Sage 7a assimilated hostile G-67 Veteran 12096 | -4/Factory | Discovered new exit (range 6) 12102 | -4/Factory | Identified exit to Extension 12104 | -4/Factory | Entered Extension 12236 | -4/Extension | Rescued a captive Derelict 12309 | -4/Extension | Rescued A7 12331 | -4/Extension | Rescued a captive Derelict 12333 | -4/Extension | Rescued a captive Derelict 12371 | -4/Extension | Rescued a captive Derelict 12372 | -4/Extension | Rescued a captive Derelict 12390 | -4/Extension | Build established: Hauler-Mutant 12705 | -4/Extension | Spotted B-86 Titan 12715 | -4/Extension | Allies destroyed B-86 Titan 12718 | -4/Extension | Spotted B-86 Titan 12723 | -4/Extension | Destroyed B-86 Titan 13041 | -4/Extension | Discovered new exit (range 15) 13042 | -4/Extension | Discovered new exit (range 15) 13072 | -4/Extension | Identified exit to Cetus 13075 | -4/Extension | Entered Cetus 13075 | -4/Cetus | Accompanied by 1 ally (A7) 13080 | -4/Cetus | Acquired a Cetus Manufacturing Module code from A7 13099 | -4/Cetus | Spotted Cetus Guard 13099 | -4/Cetus | Spotted Cetus Guard 13105 | -4/Cetus | Destroyed Cetus Guard 13105 | -4/Cetus | Spotted Cetus Guard 13107 | -4/Cetus | Spotted Cetus Guard 13109 | -4/Cetus | Destroyed Cetus Guard 13113 | -4/Cetus | Destroyed Cetus Guard 13116 | -4/Cetus | Destroyed Cetus Guard 13199 | -4/Cetus | Started Cetus Manufacturing Module 13216 | -4/Cetus | Escorted A7 to Cetus Mainframe 13224 | -4/Cetus | Manufactured an Enhanced Grunt 13238 | -4/Cetus | Discovered new exit (range 15) 13249 | -4/Cetus | Manufactured an Enhanced Grunt 13274 | -4/Cetus | Manufactured an Enhanced Grunt 13299 | -4/Cetus | Manufactured an Enhanced Grunt 13306 | -4/Cetus | Cetus Manufacturing Module disabled 13427 | -4/Cetus | Spotted Cetus Guard 13427 | -4/Cetus | Spotted Cetus Guard 13434 | -4/Cetus | Allies destroyed Cetus Guard 13435 | -4/Cetus | Spotted Cetus Guard 13438 | -4/Cetus | Destroyed Cetus Guard 13444 | -4/Cetus | Destroyed Cetus Guard 13448 | -4/Cetus | Spotted Cetus Guard 13452 | -4/Cetus | Destroyed Cetus Guard 13453 | -4/Cetus | Build established: Scavenger-Mutant 13462 | -4/Cetus | Discovered new exit (range 15) 13470 | -4/Cetus | Met Revision 17 13552 | -4/Cetus | Identified exit to Archives 13554 | -4/Cetus | Entered Archives 13554 | -4/Archives | Accompanied by 4 allies (A7) 13559 | -4/Archives | Received a hacking code to weaken MAIN.C 13638 | -4/Archives | Discovered new exit (range 16) 13664 | -4/Archives | Identified exit to Hub_04(d) 13669 | -4/Archives | Entered Hub_04(d) 13669 | -4/Hub_04(d) | Accompanied by 2 allies 13806 | -4/Hub_04(d) | Build established: Hauler-Mutant 13830 | -4/Hub_04(d) | Discovered new exit (range 7) 13854 | -4/Hub_04(d) | Identified exit to Research 13875 | -4/Hub_04(d) | Entered Research 13875 | -3/Research | Evolved 2 slots: Utility x2 13876 | -3/Research | Loaded intel: 19 terminal locations 13975 | -3/Research | Identified exit to Armory 13975 | -3/Research | Identified exit to Quarantine 14002 | -3/Research | Entered Quarantine 14012 | -3/Quarantine | Found Alien Artifact 14040 | -3/Quarantine | Identified Ghost Barrier 14243 | -3/Quarantine | Found Alien Artifact 14251 | -3/Quarantine | Found Alien Artifact 14253 | -3/Quarantine | Found Alien Artifact 14322 | -3/Quarantine | Identified Exp. Core Analyzer 14350 | -3/Quarantine | Found Alien Artifact 14353 | -3/Quarantine | Found Alien Artifact 14356 | -3/Quarantine | Found Alien Artifact 14409 | -3/Quarantine | Identified Transdimensional Reconstructor (x3) 14409 | -3/Quarantine | Warped through subspace 14411 | -3/Quarantine | Cryocooling Duct disabled 14426 | -3/Quarantine | Ambient heat levels rising (+20) 14426 | -3/Quarantine | Non-combat units ordered to evacuate 14577 | -3/Quarantine | Destroyed 10 combat bots 14757 | -3/Quarantine | Build established: Scavenger-Mutant 14929 | -3/Quarantine | Found Alien Artifact 14966 | -3/Quarantine | Discovered new exit (range 4) 15012 | -3/Quarantine | Identified Dimensional Node Initializer (x2) 15012 | -3/Quarantine | Initialized slip node 15383 | -3/Quarantine | Found Alien Artifact 15383 | -3/Quarantine | Identified Stasis Generator 15426 | -3/Quarantine | Found Prototype Launcher 15427 | -3/Quarantine | Identified Adv. Micro-nuke Launcher 15569 | -3/Quarantine | Met incapacitated Sigix Warrior 15569 | -3/Quarantine | Lockdown squad dispatched 15572 | -3/Quarantine | Acquired the access code to the Sigix quarantine chamber 15575 | -3/Quarantine | Unlocked Sigix quarantine chamber 15669 | -3/Quarantine | Warped through subspace to slip node 15678 | -3/Quarantine | Entered Research 15678 | -2/Research | Warlord forces began assault on 0b10 15678 | -2/Research | Evolved 2 slots: Utility x2 15679 | -2/Research | Identified exit to Testing 15788 | -2/Research | Research machine network offline 15854 | -2/Research | Spotted B-90 Cyclops 15893 | -2/Research | Destroyed B-90 Cyclops 16315 | -2/Research | Borebot progress halted 16331 | -2/Research | Borebot progress halted 16399 | -2/Research | Warlord destroyed during the assault 16827 | -2/Research | Spotted Striker 16831 | -2/Research | Spotted Striker 16831 | -2/Research | Spotted Striker 16833 | -2/Research | Spotted Executioner 16837 | -2/Research | Spotted Executioner 16839 | -2/Research | Destroyed Striker 16840 | -2/Research | Destroyed Striker 16843 | -2/Research | Destroyed Executioner 16847 | -2/Research | Destroyed Executioner 16873 | -2/Research | Destroyed 15 combat bots 16882 | -2/Research | Found Prototype Device 16882 | -2/Research | Identified Adv. Kinecellerator 16935 | -2/Research | Entered Testing 16937 | -2/Testing | Protovariant out of control (PH-6KDQWIH5JT) 16961 | -2/Testing | Incoming assault squad redirected 17066 | -2/Testing | Incoming investigation squad redirected 17503 | -2/Testing | Identified Hpw. Transdimensional Reconstructor 17503 | -2/Testing | Identified Core Reset Matrix 17503 | -2/Testing | Identified Subatomic Replicator 17562 | -2/Testing | Build established: Hacker-Mutant 17661 | -2/Testing | Found Prototype Ballistic Cannon 17661 | -2/Testing | Identified Perforator 17858 | -2/Testing | Spotted Fortress 17967 | -2/Testing | Discovered new exit (range 5) 17978 | -2/Testing | Entered Section 7 18178 | -2/Section 7 | Found Alien Artifact 18178 | -2/Section 7 | Identified Integrity Redistributor 18178 | -2/Section 7 | Used Integrity Redistributor, redistributed integrity from core (-267) 18258 | -2/Section 7 | Found Prototype Processor 18258 | -2/Section 7 | Identified Spectral Analyzer 18348 | -2/Section 7 | Build established: Wizard-Mutant 18432 | -2/Section 7 | Found Integrity Redistributor 18573 | -2/Section 7 | Spotted Alpha 7 18580 | -2/Section 7 | Spotted Alpha 7 18634 | -2/Section 7 | Core integrity fell below 50% 18646 | -2/Section 7 | Destroyed Alpha 7 18672 | -2/Section 7 | Lost 4 parts (2p1n1u) 18931 | -2/Section 7 | Build established: Hacker-Mutant 19066 | -2/Section 7 | Destroyed 7 combat bots 19413 | -2/Section 7 | Spotted B-90 Cyclops 19481 | -2/Section 7 | Discovered new exit (range 13) 19631 | -2/Section 7 | Spotted S7 Guard 19650 | -2/Section 7 | Destroyed S7 Guard 19662 | -2/Section 7 | Found Prototype Protection 19663 | -2/Section 7 | Identified Hvy. Regenerative Plating 19675 | -2/Section 7 | Found Alien Artifact 19675 | -2/Section 7 | Identified Core Membrane 19675 | -2/Section 7 | Installed Core Membrane, gained immunity to corruption 19701 | -2/Section 7 | Found Integrity Redistributor 19758 | -2/Section 7 | Entered Access 19758 | -1/Access | Evolved 2 slots: Power x1, Utility x1 19777 | -1/Access | Used Integrity Redistributor, redistributed integrity from core (-182) 19842 | -1/Access | Identified exit to Command 20095 | -1/Access | Destroyed 16 combat bots 20106 | -1/Access | Energy Cycler disabled 20544 | -1/Access | First assault squad dispatched 20566 | -1/Access | Incoming assault squad redirected 20614 | -1/Access | Used Subatomic Replicator to replicate Integrity Redistributor 20619 | -1/Access | Used Integrity Redistributor, redistributed integrity from core (-205) 20668 | -1/Access | Warped through subspace 20721 | -1/Access | Entered Command 20743 | -1/Command | Identified exit to Surface 21007 | -1/Command | Incoming investigation squad redirected 21056 | -1/Command | Spotted M Guard 21058 | -1/Command | Spotted M Guard 21064 | -1/Command | Initialized slip node 21067 | -1/Command | Spotted Combat Programmer 21067 | -1/Command | Spotted Combat Programmer 21098 | -1/Command | Destroyed Combat Programmer 21114 | -1/Command | Used Integrity Redistributor, redistributed integrity from core (-231) 21115 | -1/Command | Core integrity fell below 50% 21124 | -1/Command | Destroyed Combat Programmer 21141 | -1/Command | Destroyed M Guard 21156 | -1/Command | Destroyed M Guard 21156 | -1/Command | All MAIN.C guards destroyed 21170 | -1/Command | Found Prototype Device 21172 | -1/Command | Identified AEGIS Remote Shield 21221 | -1/Command | Found Hvy. Regenerative Plating 21223 | -1/Command | Found Prototype Energy Cannon 21245 | -1/Command | Identified Cld. Nova Cannon 21362 | -1/Command | Build established: Generator-Mutant 21463 | -1/Command | Found Prototype Reactor 21463 | -1/Command | Identified Zero-point Reactor 21525 | -1/Command | Met MAIN.C 21568 | -1/Command | 0b10 Conduit disabled 21646 | -1/Command | Destroyed MAIN.C Shell 21649 | -1/Command | MAIN.C activated Command garrisons 21649 | -1/Command | Surrendered to MAIN.C 21649 | -1/Command | Loaded intel: 57 machine locations 21649 | -1/Command | Loaded intel: 102 trap records 21649 | -1/Command | Discovered exit to Surface (range 52) 21649 | -1/Command | Discovered exit to Surface (range 80) 21667 | -1/Command | Found Prototype Protection 21725 | -1/Command | Found Gamma Bomb Array 21823 | -1/Command | Found Vortex Chain Reactor 21827 | -1/Command | Found Zero-point Reactor 21831 | -1/Command | Found Prototype Processor 21831 | -1/Command | Identified Exp. Armor Integrity Analyzer 21835 | -1/Command | Found Prototype Device 21835 | -1/Command | Identified Beam Splitter 21838 | -1/Command | Found Prototype Device 21838 | -1/Command | Identified Femtoactuators 21842 | -1/Command | Found Prototype Device 21842 | -1/Command | Identified Adv. Particle Accelerator 21905 | -1/Command | MAIN.C activated Command garrisons 21943 | -1/Command | Unknown forces attacked Command 21945 | -1/Command | Spotted EQ-000 21951 | -1/Command | Spotted EQ-005 21953 | -1/Command | Spotted EQ-004 21954 | -1/Command | Spotted EQ-006 21956 | -1/Command | Spotted EQ-002 21959 | -1/Command | Spotted EQ-001 21971 | -1/Command | Destroyed EQ-005 21985 | -1/Command | Spotted Striker 21990 | -1/Command | Warped through subspace 22092 | -1/Command | Spotted EQ-018 22096 | -1/Command | Destroyed EQ-001 22132 | -1/Command | Destroyed EQ-018 22149 | -1/Command | Spotted EQ-035 22154 | -1/Command | Destroyed EQ-035 22182 | -1/Command | Spotted EQ-050 22193 | -1/Command | Destroyed EQ-050 22195 | -1/Command | Spotted EQ-051 22217 | -1/Command | Spotted EQ-048 22218 | -1/Command | Destroyed EQ-051 22228 | -1/Command | Spotted EQ-023 22231 | -1/Command | Destroyed EQ-048 22243 | -1/Command | Destroyed EQ-023 22286 | -1/Command | Spotted EQ-071 22301 | -1/Command | Destroyed EQ-071 22307 | -1/Command | Spotted EQ-041 22315 | -1/Command | Spotted EQ-080 22319 | *** | Destroyed 0B10! Last Messages --------------- 22240_ Destroyed Prototype Launcher. 22242_ Penetrated by Slug. 22242_ Slug penetrates Reinforced Barrier. 22243_ EQ-023 destroyed. 22244_ Acquired 104 matter. 22246_ Acquired 75 matter. 22249_ Dropped Adv. Heavy Siege Treads. 22252_ Acquired Centrium Medium Armor Plating. 22260_ Acquired Prototype Device. 22260_ Identified Particle Accelerator. 22261_ Dropped Particle Accelerator. 22269_ Acquired Prototype Device. 22269_ Identified Exp. Heat Sink. 22272_ Dropped Imp. Matter Neutralizer. 22274_ Acquired 99 matter. 22295_ EQ-071 suffers critical hit. 22295_ Destroyed Prototype Energy Gun. 22301_ Critical hit. 22301_ EQ-071 destroyed. 22314_ Adv. Focal Shield destroyed. Map ----- +----------------------------------------------------+ | ??????????# #??????# #?????????????# #??????? | | ??????????# #??????# ############### #??????? | | ??????????# #??????# # #??????? | | ?????######+######## # #????### | | ###### ## # #????#?? | | + ## # #????#?# | | ###### "" ####+### #????#?# | | ##???# "" + #????#?# | | ##### "" "" ###^^^^^ #????#?# | | ## """" Y" #?# ####### #????#?# | | ## """" "" #?# # # #????#?# | | ## "" "" #?# + # #????#?# | | "## "" #?# # # #????#?# | | "## #?# # # #????#?# | | "## #?# ########### # #????#?# | | T## #?# #?????????# # #????#?# | | "########+####+### #?????????# # #????#?# | | "#????# #?????????# # #????#?# | | "#????# #?????????# # #????#?# | | #????# ######?????????# # #????#?# | | #????# #??????????????####### #??##### | | #####????# #????????####??####### #??# | | ########## #????##### ;####=[* #*!*#### | | #????#!!* = ! [!!!=! !!%= | | #????#!!= !*]!!*=!=!############ | | ########## #????#=@=#!! ###%[!!#????????#?# | | #????????####### #????#![ ########+#######????#?# | | ???????????????# #????#####????# #????#?# | | ################ ####### ####### !#????#?? | | # ## # "" #????### | | # ## + """" #??????? | | # ## # """" #??????? | | "" # ## """" # "" #??????? | | """" # ## """" # #??????? | | """" # ## """" # #??????? | | "" # ## !! """" #####+##+#####???? | | # ## !! #???# # #???? | | ! # ## !! #???# # #???? | | # ## #???# # #???? | | #########+###+## ## #???# # #???? | | ####### # ## !#???# # #???? | | """"""# + #########+######### # ! #???? | | """# # # #???? | | """# "" # + #???? | | """# """" ######################## #???? | | """"""# """" #??????????????????????# #???? | | ####### "" #??????????????????????# #???? | | ??????# #??????????????????????# #???? | | ??????# #??????????????????????# #???? | | ??????# "" #??????????????????????########???? | +----------------------------------------------------+ Best States ------------- Heat Dissipation 116 Coolant Potential 120 Energy Generation 83 Energy Capacity 1450 Matter Stores 300 Matter Capacity 300 Sight Range 24 Robot Scan Range 16 Terrain Scan Density 10 Jamming Range 16 Armor Coverage 1500 Resistance: KI 30 Resistance: TH 75 Resistance: EM 25 Melee Speed Boost 50 Evasion (%) 40 Targeting Accuracy 16 Target Analysis 8 Core Analysis 15 Armor Integrity Analysis 90 Recoil Reduction 6 Particle Charging 50 Offensive Hacking 42 Defensive Hacking 20 Item Schematics ----------------- Lgt. Regenerative Plating | -7/Data Miner | Free Combat Drone Bay | -7/Data Miner | Free Exp. Flexi-carbon Leg | -7/Data Miner | Free Cmb. Gravmag System | -7/Data Miner | Free Triangulator | -7/Data Miner | Free Exp. Terrain Scanner | -7/Data Miner | Free Cloaking Device | -7/Data Miner | Free Mni. Smartbomb Launcher | -7/Data Miner | Free Plasma Sword | -7/Data Miner | Free Kinetic Spear | -7/Data Miner | Free Adv. Heavy Siege Treads | -2/Testing | Hacked Robot Schematics ------------------ G-50 Soldier | -7/Data Miner | Free S-27 Virus | -7/Data Miner | Free L-41 Fighter | -7/Data Miner | Free H-66 Slayer | -7/Data Miner | Free P-70 Sage | -7/Data Miner | Free X-72 Disruptor | -7/Data Miner | Free I-36 Angel | -7/Data Miner | Free Fabricated ------------ P-70 Sage | x2 | -4/Factory Alien Tech Used ----------------- Transdimensional Reconstructor Dimensional Node Initializer Stasis Generator Integrity Redistributor Core Membrane Subatomic Replicator High-powered Transdimensional Reconstructor Achievements -------------- None Challenges ------------ None Game ------ Seed FusionSensorCompactor Manual? 0 Play Time 03:04:20 Cumulative 633.7 hours Start 2020.10.02 @ 19:17:32 End 2020.10.03 @ 10:01:10 Sessions 3 Manual Loads 0 Difficulty Rogue Special Mode None Game No. 964 Rogue 964 Adventurer 0 Explorer 0 Win Type 3 Total 60 Types 38/1/7/11/3/0/0/0/0 Lore% 94 Gallery% 94 Achievement% 82 Wizard Run 0 Options --------- ASCII 1 Keyboard 0 Movement Numpad Keybinds 0 Fullscreen 0 Font 14/SmallcapsGlow Map View 76x50 Tactical HUD 1 Map Filters NONE Filters NONE Steam 1 RUN: c3dd1f6d-9b9e-4e08-8e34-97ce9b9c7ab2